 Dungeon Sprint DCSS version 0.23-a0-860-g8ff03fb (webtiles) character file.

254 gruber the Magician (level 6, 0/52 HPs)
             Began as a Gnoll Skald on Jan 27, 2019.
             Was an Initiate of Okawaru.
             Slain by a hippogriff (5 damage)
             ... in the Dungeon (Sprint IX: "|||||||||||||||||||||||||||||").
             The game lasted 00:02:56 (481 turns).

gruber the Magician (Gnoll Skald)                    Turns: 481, Time: 00:02:57

Health: 0/52       AC:  5    Str: 15    XL:     6   Next: 14%
Magic:  2/15       EV: 15    Int: 18    God:    Okawaru [......]
Gold:   0          SH:  0    Dex: 15    Spells: 7/18 levels left

rFire    . . .     SeeInvis .   u - +2 rapier (elec)
rCold    . . .     Gourm    .   (no shield)
rNeg     . . .     Faith    .   b - +0 leather armour
rPois    .         Spirit   .   (no helmet)
rElec    .         Reflect  .   (no cloak)
rCorr    .         Harm     .   (no gloves)
MR       .....     NoTele   +   (no boots)
Stlth    ++........             (no amulet)
HPRegen  0.17/turn              o - +2 ring of protection
MPRegen  0.14/turn              n - +3 ring of intelligence

@: infused, singing
A: distributed training, fangs 1, strong nose
a: Renounce Religion


You were in the Dungeon.
You worshipped Okawaru.
Okawaru was noncommittal.
You were not hungry.

You visited 1 branch

Inventory:

Hand Weapons
 a - a +0 mace
 s - a +2 morningstar of protection
 t - a +4 quarterstaff of speed
 u - a +2 rapier of electrocution (weapon)
Armour
 b - a +0 leather armour (worn)
 p - a +0 helmet
 q - a +1 chain mail
 r - a +0 pair of gloves
Jewellery
 n - a +3 ring of intelligence (right hand)
 o - a +2 ring of protection (left hand)
Wands
 m - a wand of acid (10)
Scrolls
 j - 2 scrolls of blinking
 k - 3 scrolls of remove curse
 l - 2 scrolls of amnesia
Potions
 c - a potion of invisibility
 e - 5 potions of curing
 f - a potion of heal wounds
 g - a potion of haste
 h - 4 potions of magic
 i - a potion of berserk rage
Comestibles
 d - a ration


   Skills:
 + Level 6.2 Fighting
 + Level 4.1 Short Blades
 + Level 4.1 Long Blades
 + Level 4.1 Axes
 + Level 6.2 Maces & Flails
 + Level 4.1 Polearms
 + Level 4.1 Staves
 + Level 4.1 Slings
 + Level 4.1 Bows
 + Level 4.1 Crossbows
 + Level 4.1 Throwing
 + Level 4.9 Armour
 + Level 6.2 Dodging
 + Level 4.1 Stealth
 + Level 4.1 Shields
 + Level 4.1 Unarmed Combat
 + Level 6.5 Spellcasting
 + Level 3.4 Conjurations
 + Level 3.4 Hexes
 + Level 6.5 Charms
 + Level 3.4 Summonings
 + Level 3.4 Necromancy
 + Level 3.4 Translocations
 + Level 3.4 Transmutations
 + Level 3.4 Fire Magic
 + Level 3.4 Ice Magic
 + Level 3.4 Air Magic
 + Level 3.4 Earth Magic
 + Level 3.4 Poison Magic
 + Level 4.5 Invocations
 + Level 4.1 Evocations


You had 7 spell levels left.
You knew the following spells:

 Your Spells              Type           Power        Failure   Level  Hunger
a - Infusion              Chrm           ####         1%          1    None
b - Song of Slaying       Chrm           ####....     1%          2    None
c - Regeneration          Chrm/Necr      ###.......   5%          3    ##.....
d - Shroud of Golubria    Chrm/Tloc      ###.......   2%          2    None
e - Spectral Weapon       Hex/Chrm       ###.....     5%          3    ##.....

Your spell library contained the following spells:

 Spells                   Type           Power        Failure   Level  Hunger


Dungeon Overview and Level Annotations

Branches:
Dungeon (1/1)

Altars:
Cheibriados
Dithmenos
Elyvilon
Fedhas
Gozag
Hepliaklqana
Kikubaaqudgha
Makhleb
Nemelex Xobeh
Okawaru
Qazlal
Ru
Sif Muna
Trog
Uskayaw
Vehumet
Wu Jian
Xom
Yredelemnul
Zin
The Shining One
Beogh
Jiyva
Lugonu


Innate Abilities, Weirdness & Mutations

Your experience applies equally to all skills.
You have very sharp teeth.
Your uncanny sense of smell can sniff out nearby items.


Message History

Your base attributes are Str 15, Int 15, Dex 14.
Increase (S)trength, (I)ntelligence, or (D)exterity?
You feel agile.
Unknown command.
Unknown command.
You barely miss the hippogriff. You bite the hippogriff.
The hippogriff is lightly wounded.
The hippogriff completely misses you. The hippogriff pecks you.
* * * LOW HITPOINT WARNING * * *
The hippogriff misses you.
You feel much better. The hippogriff bites you.
* * * LOW HITPOINT WARNING * * *
The hippogriff pecks you!
* * * LOW HITPOINT WARNING * * *
The hippogriff barely misses you.
You puncture the hippogriff!
Lightning courses through the hippogriff!
The hippogriff is heavily wounded.
The hippogriff bites you.
You die...

▓.▓
▓.▓
▓|▓
▓)▓
▓.▓
▓.▓
▓.▓
▓.▓
▓@▓
∆
▓H▓
∆
▓Y▓
∆
▓.▓
∆
▓.▓
▓.▓
∆
▓.▓
▓.▓
∆


You could see a hippogriff and an ice beast.

Vanquished Creatures
  An orc warrior (D)
  3 crimson imps (D)
  An orc wizard (D)
  A worker ant (D)
  A giant cockroach (D)
  A goblin (D)
  A hobgoblin (D)
  A jackal (D)
  A quokka (D)
  A ball python (D)
  A jackal skeleton (D)
  A rat (D)
14 creatures vanquished.

Vanquished Creatures (others)
  A spatial maelstrom (D)
1 creature vanquished.

Grand Total: 15 creatures vanquished

Notes
Turn   | Place    | Note
-------+----------+-------------------------------------------
     0 | D        | gruber the Gnoll Skald began the quest for the Orb.
     0 | D        | Reached XP level 1. HP: 20/20 MP: 6/6
    12 | D        | Reached skill level 5 in Spellcasting
    13 | D        | Banished a spatial maelstrom
    14 | D        | Reached skill level 1 in Invocations
    77 | D        | Noticed a crimson imp
    77 | D        | Noticed an orc wizard
    86 | D        | Killed an orc wizard
    86 | D        | Reached skill level 1 in Short Blades
    86 | D        | Reached skill level 1 in Long Blades
    86 | D        | Reached skill level 1 in Axes
    86 | D        | Reached skill level 1 in Polearms
    86 | D        | Reached skill level 1 in Staves
    86 | D        | Reached skill level 1 in Slings
    86 | D        | Reached skill level 1 in Bows
    86 | D        | Reached skill level 1 in Crossbows
    86 | D        | Reached skill level 1 in Throwing
    86 | D        | Reached skill level 1 in Stealth
    86 | D        | Reached skill level 1 in Shields
    86 | D        | Reached skill level 1 in Unarmed Combat
    86 | D        | Reached skill level 1 in Conjurations
    86 | D        | Reached skill level 1 in Hexes
    86 | D        | Reached skill level 1 in Summonings
    86 | D        | Reached skill level 1 in Necromancy
    86 | D        | Reached skill level 1 in Translocations
    86 | D        | Reached skill level 1 in Transmutations
    86 | D        | Reached skill level 1 in Fire Magic
    86 | D        | Reached skill level 1 in Ice Magic
    86 | D        | Reached skill level 1 in Air Magic
    86 | D        | Reached skill level 1 in Earth Magic
    86 | D        | Reached skill level 1 in Poison Magic
    86 | D        | Reached skill level 1 in Evocations
    86 | D        | Reached XP level 2. HP: 14/26 MP: 1/8
    86 | D        | Reached XP level 3. HP: 18/32 MP: 1/9
    87 | D        | Reached skill level 5 in Fighting
    87 | D        | Reached skill level 5 in Maces & Flails
    87 | D        | Reached skill level 5 in Dodging
   116 | D        | Reached XP level 4. HP: 7/39 MP: 1/11
   120 | D        | Learned a level 2 spell: Song of Slaying
   124 | D        | Learned a level 3 spell: Regeneration
   127 | D        | Learned a level 2 spell: Shroud of Golubria
   131 | D        | Learned a level 3 spell: Spectral Weapon
   363 | D        | Found a roughly hewn altar of Beogh.
   363 | D        | Found a snail-covered altar of Cheibriados.
   363 | D        | Found a shadowy altar of Dithmenos.
   363 | D        | Found a white marble altar of Elyvilon.
   363 | D        | Found a blossoming altar of Fedhas.
   363 | D        | Found an opulent altar of Gozag.
   364 | D        | Found a hazy altar of Hepliaklqana.
   365 | D        | Found a viscous altar of Jiyva.
   366 | D        | Found an ancient bone altar of Kikubaaqudgha.
   367 | D        | Found a corrupted altar of Lugonu.
   368 | D        | Found a burning altar of Makhleb.
   369 | D        | Found a sparkling altar of Nemelex Xobeh.
   370 | D        | Found an iron altar of Okawaru.
   371 | D        | Found a stormy altar of Qazlal.
   372 | D        | Found a sacrificial altar of Ru.
   373 | D        | Found a deep blue altar of Sif Muna.
   374 | D        | Found a bloodstained altar of Trog.
   375 | D        | Found a hide-covered altar of Uskayaw.
   376 | D        | Found a radiant altar of Vehumet.
   377 | D        | Found an ornate altar of the Wu Jian Council.
   378 | D        | Found a shimmering altar of Xom.
   379 | D        | Found a basalt altar of Yredelemnul.
   380 | D        | Found a glowing silver altar of Zin.
   381 | D        | Found a glowing golden altar of the Shining One.
   402 | D        | Became a worshipper of Warmaster Okawaru
   457 | D        | Noticed an orc warrior
   457 | D        | Noticed a hippogriff
   457 | D        | Noticed an ice beast
   467 | D        | Reached XP level 5. HP: 33/45 MP: 3/13
   469 | D        | HP: 2/46 [orc warrior/+0 dire flail (13)]
   478 | D        | Killed an orc warrior
   478 | D        | Reached XP level 6. HP: 5/52 MP: 2/15
   479 | D        | HP: 1/52 [hippogriff (5)]
   481 | D        | Slain by a hippogriff

Vault maps used:
D:        linesprint

Skill      XL: |  1  2  3  4  5 |
---------------+----------------+-----
Spellcasting   | 5 6 |  6.5
Invocations    | 2 3 4 |  4.5
Short Blades   | 1 2 3 4 |  4.1
Long Blades    | 1 2 3 4 |  4.1
Axes           | 1 2 3 4 |  4.1
Polearms       | 1 2 3 4 |  4.1
Staves         | 1 2 3 4 |  4.1
Slings         | 1 2 3 4 |  4.1
Bows           | 1 2 3 4 |  4.1
Crossbows      | 1 2 3 4 |  4.1
Throwing       | 1 2 3 4 |  4.1
Armour         | 3 4 |  4.9
Stealth        | 1 2 3 4 |  4.1
Shields        | 1 2 3 4 |  4.1
Unarmed Combat | 1 2 3 4 |  4.1
Conjurations   | 1 2 3 |  3.4
Hexes          | 1 2 3 |  3.4
Summonings     | 1 2 3 |  3.4
Necromancy     | 1 2 3 |  3.4
Translocations | 1 2 3 |  3.4
Transmutations | 1 2 3 |  3.4
Fire Magic     | 1 2 3 |  3.4
Ice Magic      | 1 2 3 |  3.4
Air Magic      | 1 2 3 |  3.4
Earth Magic    | 1 2 3 |  3.4
Poison Magic   | 1 2 3 |  3.4
Evocations     | 1 2 3 4 |  4.1
Fighting       | 5 6 |  6.2
Maces & Flails | 5 6 |  6.2
Dodging        | 5 6 |  6.2
Charms         | 6 |  6.5

Action                   |  1- 3 |  4- 6 || total
-------------------------+-------+-------++-------
Melee: Mace              |    45 |       ||    45
       Bite              |     4 |     2 ||     6
       Rapier            |       |    20 ||    20
 Cast: Infusion          |     2 |     1 ||     3
       Song of Slaying   |       |     1 ||     1
  Use: Potion            |       |     2 ||     2
Armor: Leather armour    |     8 |     2 ||    10
Dodge: Dodged            |    26 |    16 ||    42

Table legend:
 A = Non-vault XP
 B = Vault XP
 C = Vault XP percentage of total XP
 D = Non-vault monster count
 E = Vault monster count
 F = Vault count percentage of total count
                 A         B        C        D         E       F
            +---------+---------+-------+---------+---------+-------
      Total |       0 |     363 | 100.0 |       0 |      14 | 100.0
            +---------+---------+-------+---------+---------+-------
          D |       0 |     363 | 100.0 |       0 |      14 | 100.0
            +---------+---------+-------+---------+---------+-------
